 Dungeon Crawl Stone Soup version 0.23.1 (webtiles) character file.

Game seed: 15149281451579042662

128 Kniotic the Insei (level 4, -13/35 HPs)
             Began as a Demonspawn Monk on Mar 2, 2019.
             Mangled by an ogre
             ... wielding a +0 giant club
              (27 damage)
             ... on level 3 of the Dungeon.
             The game lasted 00:03:05 (2942 turns).

Kniotic the Insei (Demonspawn Monk)                 Turns: 2942, Time: 00:03:05

Health: -13/35     AC:  3    Str: 16    XL:     4   Next: 86%
Magic:  0/4        EV: 15    Int: 11    God:
Gold:   152        SH:  0    Dex: 17    Spells: 3/3 levels left

rFire    . . .     SeeInvis .     - Unarmed
rCold    . . .     Gourm    .   (no shield)
rNeg     . . .     Faith    .   a - +0 robe
rPois    .         Spirit   +   k - +0 helmet
rElec    .         Reflect  .   (no cloak)
rCorr    .         Harm     .   (no gloves)
MR       .....                  (no boots)
Stlth    ++........             j - amulet of the acrobat
HPRegen  0.11/turn              (no ring)
MPRegen  0.09/turn              (no ring)

@: mighty
A: repulsion field 1, magic shield
a: no special abilities


You were on level 3 of the Dungeon.
You were hungry.

You visited 1 branch of the dungeon, and saw 4 of its levels.

You collected 152 gold pieces.

Inventory:

Armour
 a - a +0 robe (worn)
 k - a +0 helmet (worn)
Jewellery
 j - an amulet of the acrobat (around neck)
Scrolls
 d - a scroll of fear {unknown}
 f - a scroll of teleportation {unknown}
 g - 2 scrolls of immolation {unknown}
 h - a scroll of identify {unknown}
 l - a scroll of enchant weapon {unknown}
 q - a scroll of fog {unknown}
Potions
 c - a potion of lignification {unknown}
 e - a potion of mutation {unknown}
 i - a potion of degeneration {unknown}
 n - a potion of resistance {unknown}
 p - a potion of agility {unknown}
Comestibles
 b - 4 rations
 o - 10 chunks of flesh


   Skills:
 - Level 3.0 Fighting
 - Level 2.6 Dodging
 - Level 1.7 Stealth
 + Level 5.1 Unarmed Combat


You had 3 spell levels left.
You didn't know any spells.
Your spell library was empty.

Dungeon Overview and Level Annotations

Branches:
Dungeon (4/15)
 Temple: D:4-7

Altars:
Sif Muna


Innate Abilities, Weirdness & Mutations

You are surrounded by a mild repulsion field. (EV +2)
When hurt, damage is shared between your health and your magic reserves.


Message History

An ogre comes into view. It is wielding a +0 giant club.
You are feeling hungry.
The ogre shouts!
An adder comes into view.
A scorpion comes into view.
You hear the slow hiss of a distant avalanche of sand.
Found 10 gold pieces.
Found a stone staircase leading up.
You see here 10 gold pieces.
There is a stone staircase leading up here.
You climb upwards.
A goblin comes into view.
Found 8 gold pieces.
There is a stone staircase leading down here.
The ogre completely misses you.
You see here 8 gold pieces.
You feel very mighty all of a sudden.
The ogre hits you with a +0 giant club!!
Ouch! That really hurt!
You die...

...#
...#
#..#
...#
#..# #.g
#.######
#>.O@..#
######.#
.# #


You could see an ogre.

Vanquished Creatures
  A worker ant (D:4)
  5 adders
  An ooze (D:2)
  2 worms (D:2)
  A dart slug (D:1)
  2 leopard geckos
  3 orcs
  3 giant cockroaches
  4 goblins
  5 hobgoblins
  3 kobolds
  A quokka (D:2)
  4 bats
  4 frilled lizards
  A jackal skeleton (D:4)
  6 rats
46 creatures vanquished.

Notes
Turn   | Place    | Note
-------+----------+-------------------------------------------
     0 | D:1      | Kniotic the Demonspawn Monk began the quest for the Orb.
     0 | D:1      | Reached XP level 1. HP: 18/18 MP: 1/1
   287 | D:1      | Reached skill level 3 in Unarmed Combat
   337 | D:1      | Gained mutation: When hurt, damage is shared between your
                  | health and your magic reserves. [demonic ancestry]
   337 | D:1      | Reached XP level 2. HP: 24/24 MP: 2/2
   917 | D:2      | Gained mutation: You are surrounded by a mild repulsion
                  | field. (EV +2) [demonic ancestry]
   917 | D:2      | Reached XP level 3. HP: 5/29 MP: 1/3
  1227 | D:2      | Reached skill level 4 in Unarmed Combat
  1876 | D:2      | Reached XP level 4. HP: 23/35 MP: 2/4
  2414 | D:2      | Found a deep blue altar of Sif Muna.
  2770 | D:3      | You fall through a shaft!
  2785 | D:4      | Reached skill level 5 in Unarmed Combat
  2915 | D:4      | Noticed an ogre
  2942 | D:3      | Mangled by an ogre

Skill      XL: |  1  2  3  4 |
---------------+-------------+-----
Unarmed Combat | 3 4 5 |  5.1
Fighting       | |  3.0
Dodging        | |  2.6
Stealth        | |  1.7

Action                   |  1- 3 |  4- 6 || total
-------------------------+-------+-------++-------
Melee: Unarmed           |   144 |    92 ||   236
       Punch             |     1 |       ||     1
  Use: Potion            |     1 |     1 ||     2
 Stab: Sleeping          |     8 |     3 ||    11
  Eat: Chunk             |     2 |     4 ||     6
Armor: Robe              |    22 |    12 ||    34
Dodge: Dodged            |   100 |    77 ||   177
